 Dungeon Crawl Stone Soup version 0.26.1-2-gb8aa6d0cf2 (webtiles) character file.

Game seed: 2346766766200631586

11 Goreval the Sneak (level 2, -1/22 HPs)
             Began as a Naga Enchanter on Mar 17, 2021.
             Slain by a kobold
             ... wielding a +0 short sword
              (3 damage)
             ... on level 1 of the Dungeon.
             The game lasted 00:01:14 (552 turns).

Goreval the Sneak (Naga Enchanter)                   Turns: 552, Time: 00:01:15

Health: -1/22      AC:  1    Str: 10    XL:     2   Next: 29%
Magic:  0/5        EV: 10    Int: 15    God:
Gold:   47         SH:  0    Dex: 11    Spells: 2/5 levels left

rFire    . . .     SeeInvis +   a - +1 dagger
rCold    . . .     Faith    .   (no shield)
rNeg     . . .     Spirit   .   b - +0 robe
rPois    +         Reflect  .   (no helmet)
rElec    .         Harm     .   (no cloak)
rCorr    .         Rampage  .   (no gloves)
Will     .....                  (no barding)
Stlth    +++.......             (no amulet)
HPRegen  0.07/turn              (no ring)
MPRegen  0.09/turn              (no ring)

@: short of breath, very slightly contaminated, very slow
A: large, see invisible, deformed body, poison resistance, slowness 2, spit
poison 1, AC +0
a: Spit Poison


You were on level 1 of the Dungeon.
You visited 1 branch of the dungeon, and saw 1 of its levels.

You collected 47 gold pieces.

Inventory:

Hand Weapons
 a - a +1 dagger (weapon)
Armour
 b - a +0 robe (worn)
Scrolls
 e - 3 scrolls of identify {unknown}
 g - a scroll of remove curse {unknown}
 h - a scroll of noise {unknown}
Potions
 c - a potion of might {unknown}
 d - a potion of flight {unknown}
 f - a potion of curing {unknown}


   Skills:
 * Level 1.5 Short Blades
 - Level 1.5 Dodging
 * Level 4.8 Stealth
 - Level 2.0 Spellcasting
 * Level 3.2 Hexes


You had 2 spell levels left.
You knew the following spells:

 Your Spells              Type           Power        Failure   Level
a - Ensorcelled Hibernat  Hex/Ice        12%          17%         2
o - Corona                Hex            12%          6%          1

Your spell library contained the following spells:

 Spells                   Type           Power        Failure   Level
 Confusing Touch          Hex            11%          19%         3
 Tukima's Dance           Hex            11%          19%         3
 Dazzling Flash           Conj/Hex       12%          34%         3


Dungeon Overview and Level Annotations

Branches:
Dungeon (1/15)

Altars:


Innate Abilities, Weirdness & Mutations

You cannot wear boots.
Your serpentine skin is tough. (AC +0)
You have supernaturally acute eyesight. (SInv)
Armour fits poorly on your strangely shaped body.
Your system is resistant to poisons. (rPois)
You cover ground very slowly.
You can spit poison.


Message History

Aim: a kobold, wielding a +0 short sword The splash of poison misses the kobold.
The kobold hits you but does no damage.
You don't have enough magic to cast that spell.
The kobold hits you with a +0 short sword.
* * * LOW HITPOINT WARNING * * *
You have got your breath back.
The kobold barely misses you.
Aim: a kobold, wielding a +0 short sword (chance to affect: 55%)
You miscast Ensorcelled Hibernation.
You are very lightly contaminated with residual magic.
Nothing appears to happen.
The kobold hits you with a +0 short sword.
* * * LOW HITPOINT WARNING * * *
The kobold hits you but does no damage.
Aim: a kobold, wielding a +0 short sword The splash of poison misses the kobold.
The kobold barely misses you.
You barely miss the kobold. The kobold closely misses you.
You hit the kobold but do no damage.
The kobold hits you with a +0 short sword.
You die...

#..##.<.#####..##.#
#####..............##.#
....#..............##.# ##
###.#..............#..# ..
..#.################.##.####
#.........#......##.........
...######.#.####.##.....#.#.
#..#.............##.###.#.#
..##......#.....@K........#
###########.#######.....###
# ### ####### #


You could see a kobold.

Vanquished Creatures
  A leopard gecko (D:1)
  A bat (D:1)
  A giant cockroach (D:1)
  2 goblins (D:1)
  A hobgoblin (D:1)
  A jackal (D:1)
  2 rats (D:1)
9 creatures vanquished.

Notes
Turn   | Place    | Note
-------+----------+-------------------------------------------
     0 | D:1      | Goreval the Naga Enchanter began the quest for the Orb.
     0 | D:1      | Reached XP level 1. HP: 15/15 MP: 3/3
   245 | D:1      | Reached XP level 2. HP: 22/22 MP: 5/5
   251 | D:1      | Learned a level 2 spell: Ensorcelled Hibernation
   547 | D:1      | HP: 1/22 [kobold/+0 short sword (2)]
   552 | D:1      | Slain by a kobold

Illustrated notes

Levels and vault maps discovered:
D:1:      dpeg_arrival_boxorama, layout_basic, grunt_decor_cap,
          minmay_misc_feat_encased, minmay_cupped

Action                   || total
-------------------------++-------
Melee: Dagger            ||    32
 Cast: Ensorcelled Hiber ||     2
 Abil: Spit Poison       ||     2
 Stab: Sleeping          ||     5
Armor: Robe              ||     5
Dodge: Dodged            ||    14
